 Dungeon Crawl Stone Soup version 0.19.1 (webtiles) character file.

12 esteth the Grasshopper (level 2, 0/14 HPs)
             Began as a Spriggan Warper on Dec 23, 2016.
             Slain by a hobgoblin (3 damage)
             ... on level 1 of the Dungeon.
             The game lasted 00:04:45 (777 turns).

esteth the Grasshopper (Spriggan Warper)             Turns: 777, Time: 00:04:45

Health: 0/14       AC:  2    Str:  7    XL:     2   Next: 20%
Magic:  7/7        EV: 19    Int: 14    God:
Gold:   6          SH:  0    Dex: 15    Spells: 1 memorised, 5 levels left

rFire  . . .     SeeInvis +     e - +0 club
rCold  . . .     Gourm    .     a - +0 robe
rNeg   . . .     Faith    .     (shield restricted)
rPois  .         Spirit   .     (helmet restricted)
rElec  .         Reflect  .     (no cloak)
rCorr  .         Harm     .     (gloves unavailable)
MR     .....                    (boots unavailable)
Stlth  +.........               (no amulet)
                                (no ring)
                                (no ring)

@: very quick
A: unfitting armour, see invisible, herbivore 3, speed 3, slow metabolism 2
a: no special abilities


You were on level 1 of the Dungeon.
You were not hungry.

You visited 1 branch of the dungeon, and saw 1 of its levels.

You collected 6 gold pieces.

Inventory:

Hand Weapons
 e - a +0 club (weapon)
Armour
 a - a +0 robe (worn)
Scrolls
 c - a scroll of blinking
 g - a scroll of remove curse
 h - a scroll of immolation {unknown}
Potions
 d - a potion of flight {unknown}
 i - a potion of lignification {unknown}
Books
 b - a book of Spatial Translocations

   Spells                             Type                      Level
   a - Blink                          Translocation                2
   b - Shroud of Golubria             Charms/Translocation         2
   c - Lesser Beckoning               Translocation                3
   d - Portal Projectile              Translocation                3
   e - Teleport Other                 Translocation                3
   f - Passage of Golubria            Translocation                4
Comestibles
 f - a bread ration


   Skills:
 - Level 1.5 Fighting
 * Level 1.1 Throwing
 + Level 0.4 Armour
 + Level 3.9 Dodging
 - Level 1.5 Unarmed Combat
 + Level 3.1 Spellcasting
 - Level 4.4 Translocations


You had 5 spell levels left.
You knew the following spells:

 Your Spells              Type           Power        Failure   Level  Hunger
a - Shroud of Golubria    Chrm/Tloc      #.........   17%         2    ##.....


Dungeon Overview and Level Annotations

Branches:
Dungeon (1/15)

Altars:


Innate Abilities, Weirdness & Mutations

You are very small and have problems with some larger weapons.
You are too small for most types of armour.
You have supernaturally acute eyesight. (SInv)
You are a herbivore.
You cover ground extremely quickly.
You need consume almost no food.


Message History

a chunk of flesh; a bat skeleton Throwing (i - inventory):
j - 3 silver tomahawks (quivered)
Press: ? - help, Shift-Dir - straight line, f/p - hobgoblin
Aim: a hobgoblin (heavily wounded)
You throw a silver tomahawk.
The silver tomahawk hits the hobgoblin but does no damage.
The hobgoblin is heavily wounded.
Throwing (i - inventory):
j - 2 silver tomahawks (quivered)
Press: ? - help, Shift-Dir - straight line, f/p - hobgoblin
Aim: a hobgoblin (heavily wounded)
You throw a silver tomahawk.
The silver tomahawk closely misses the hobgoblin.
Throwing (i - inventory):
j - a silver tomahawk (quivered)
Press: ? - help, Shift-Dir - straight line, f/p - hobgoblin
Aim: a hobgoblin (heavily wounded)
You throw a silver tomahawk.
The silver tomahawk hits the hobgoblin but does no damage.
The hobgoblin is heavily wounded.
The hobgoblin hits you.
You die...

##### #...# #########
#######..(#
........######g)..g....#
.........(..r..#####(..#
........>##....# #.g%.##
........#......###(####
............#####g.#
..#.r...........@.##
.##.###..######..#####
..... #..##..........#
.....##..............#
......###..........#
#....# #....#..####
#..#.####.####..#
#..#.#....# ....#
#......#### ...#


You could see a hobgoblin and a goblin.

Vanquished Creatures
  A dart slug (D:1)
  2 bats (D:1)
  A hobgoblin (D:1)
  A kobold (D:1)
  2 goblins (D:1)
  3 rats (D:1)
10 creatures vanquished.

Notes
Turn   | Place    | Note
-------+----------+-------------------------------------------
     0 | D:1      | esteth the Spriggan Warper began the quest for the Orb.
     0 | D:1      | Reached XP level 1. HP: 10/10 MP: 5/5
   463 | D:1      | Reached XP level 2. HP: 5/14 MP: 7/7
   673 | D:1      | Learned a level 2 spell: Shroud of Golubria
   777 | D:1      | Slain by a hobgoblin

Skill      XL: |  1 |
---------------+----+-----
Spellcasting   | 3 |  3.1
Fighting       | |  1.5
Throwing       | |  1.1
Armour         | |  0.4
Dodging        | |  3.9
Unarmed Combat | |  1.5
Translocations | |  4.4

Action                   || total
-------------------------++-------
Melee: Unarmed           ||    31
       Club              ||    16
Throw: Tomahawk          ||    11
  Use: Scroll            ||     1
Armor: Robe              ||     7
Dodge: Dodged            ||    37
